 Dungeon Crawl Stone Soup version 0.25-a0-161-gb7fd73d (webtiles) character file.

Game seed: 15829611821818700656, levelgen mode: deterministic

2643 JimmahDean the Cleaver (level 9, 0/102 HPs)
             Began as a Barachi Fighter on Nov 22, 2019.
             Slain by a killer bee (3 damage)
             ... on level 6 of the Dungeon.
             The game lasted 00:20:52 (6694 turns).

JimmahDean the Cleaver (Barachi Fighter)            Turns: 6694, Time: 00:20:52

Health: 0/102      AC: 14    Str: 25    XL:     9   Next: 62%
Magic:  9/9        EV:  5    Int:  8    God:
Gold:   762        SH: 10    Dex: 13    Spells: 8/8 levels left

rFire    . . .     SeeInvis .   G - +0 broad axe
rCold    . . .     Gourm    .   c - +0 shield
rNeg     . . .     Faith    .   s - +0 plate armour
rPois    .         Spirit   .   q - +0 helmet
rElec    .         Reflect  .   z - +0 cloak (curse)
rCorr    .         Harm     .   (no gloves)
MR       .....                  (no boots)
Stlth    ..........             (no amulet)
HPRegen  0.27/turn              (no ring)
MPRegen  0.11/turn              (no ring)

@: berserking, lethally poisoned (0 -> -11), can't hop, quick
A: +LOS, swims, slowness 1, strong legs 1
a: Hop


You were on level 6 of the Dungeon.
You were not hungry.

You visited 1 branch of the dungeon, and saw 7 of its levels.

You collected 762 gold pieces.

Inventory:

Hand Weapons
 a - a +0 war axe
 G - a +0 broad axe (weapon)
Missiles
 m - 37 poisoned darts (quivered)
 r - 5 boomerangs
 F - a throwing net {!f}
Armour
 c - a +0 shield (worn)
 q - a +0 helmet (worn)
 s - a +0 plate armour (worn)
 z - a cursed +0 cloak (worn)
Wands
 g - a wand of random effects (16)
 t - a wand of paralysis (10)
 x - a wand of acid (10)
Scrolls
 e - 4 scrolls of remove curse {@r2}
 i - 5 scrolls of teleportation {@r4}
 p - a scroll of magic mapping
 w - a scroll of fear {unknown}
 y - a scroll of immolation {unknown}
 B - a scroll of enchant weapon {unknown}
 C - a scroll of amnesia {unknown}
 D - a scroll of vulnerability {unknown}
 H - a scroll of enchant armour {unknown}
 J - a scroll of blinking {unknown}
Potions
 b - a potion of magic
 d - 2 potions of might
 h - a potion of cancellation {unknown}
 j - a potion of berserk rage
 k - a potion of ambrosia {unknown}
 l - a potion of agility {unknown}
 n - 2 potions of haste {unknown}
 o - 2 potions of mutation {!q}
 u - a potion of brilliance {unknown}
 v - 2 potions of heal wounds {unknown}
 A - a potion of invisibility
 I - a potion of lignification {unknown}
Comestibles
 f - 14 rations {@e1}


   Skills:
 - Level 5.0 Fighting
 * Level 12.5 Axes
 - Level 5.0 Armour
 + Level 4.8 Shields


You had 8 spell levels left.
You didn't know any spells.
Your spell library was empty.

Dungeon Overview and Level Annotations

Branches:
Dungeon (7/15)             Temple (0/1) D:7

Altars:
Gozag
Qazlal

Shops:
D:4 %   D:6 (


Innate Abilities, Weirdness & Mutations

Shadows flee at your approach. (+LOS)
You can swim through water.
You cover ground slowly.
You can hop short distances.


Message History

You block the killer bee's attack.
The killer bee stings you but does no damage.
You now have 7/102 hp.
You closely miss the killer bee. You miss the killer bee.
* * * LOW HITPOINT WARNING * * *
You feel sick. You block the killer bee's attack. The killer bee stings you.
* * * LOW HITPOINT WARNING * * *
The killer bee stings you but does no damage.
You block the killer bee's attack.
You take 3 damage, and have 4/102 hp.
You miss the killer bee. You barely miss the killer bee.
* * * LOW HITPOINT WARNING * * *
You feel sick. You block the killer bee's attack.
The killer bee stings you but does no damage.
You take 1 damage, and have 3/102 hp.
You hit the killer bee. You completely miss the killer bee.
* * * LOW HITPOINT WARNING * * *
You feel sick. The killer bee barely misses you.
You block the killer bee's attack. The killer bee stings you.
You die...

..#.# §§§§######..#.#....#
....### §§§§§§§§§####...####
#.....### §§§§§§§§§####.###
#.......## §§§§§§§§§#......#
#........# §§§§§§§§§#......#
#........##############......#
............# #..........#
............#######<.........#
............#...@............####
.........###....yy............÷..
..............................###
....<............................
....).[).#.......................
......[...................##.....
.........)..............#........
.........##......................
.........).......................


You could see 2 killer bees.

Vanquished Creatures
  A cyclops (D:6)
  Grinder (D:5)
  An orc warrior (D:6)
  A necrophage (D:6)
  2 sky beasts
  A phantom (D:6)
  An ogre (D:4)
  2 centaurs
  4 bullfrogs
  3 scorpions
  A killer bee (D:7)
  A howler monkey (D:6)
  A crimson imp (D:6)
  3 hounds
  A jelly (D:4)
  3 orc wizards (D:4)
  2 orc priests
  A bullfrog skeleton (D:4)
  A centaur skeleton (D:5)
  Ijyb (D:3)
  Terence (D:2)
  An iguana (D:6)
  Natasha (thrice) (D:2)
  10 worker ants
  2 hound zombies
  Robin (D:2)
  3 adders
  4 gnolls (D:6)
  2 oozes
  An adder zombie (D:5)
  2 worms
  A dart slug (D:1)
  4 leopard geckos
  22 orcs
  2 ball pythons
  4 bats
  2 giant cockroaches (D:3)
  22 goblins
  13 hobgoblins
  9 frilled lizards
  A giant cockroach zombie (D:5)
  14 kobolds
  A leopard gecko skeleton (D:4)
  7 rats
  2 plants (D:2)
166 creatures vanquished.

Notes
Turn   | Place    | Note
-------+----------+-------------------------------------------
     0 | D:1      | JimmahDean the Barachi Fighter began the quest for the Orb.
     0 | D:1      | Reached XP level 1. HP: 18/18 MP: 1/1
   129 | D:1      | Reached XP level 2. HP: 24/24 MP: 2/2
   139 | D:1      | Reached skill level 3 in Axes
   440 | D:1      | Reached XP level 3. HP: 25/29 MP: 3/3
   783 | D:1      | Reached skill level 4 in Axes
   885 | D:2      | Found an opulent altar of Gozag.
   885 | D:2      | Noticed Natasha
   893 | D:2      | Killed Natasha
   893 | D:2      | Reached XP level 4. HP: 9/36 MP: 4/4
  1132 | D:2      | Noticed Natasha
  1323 | D:2      | Killed Natasha
  1323 | D:2      | Reached skill level 5 in Axes
  1415 | D:2      | Noticed Robin
  1553 | D:2      | Killed Robin
  1553 | D:2      | Reached XP level 5. HP: 34/41 MP: 5/5
  1711 | D:2      | Noticed Terence
  1736 | D:2      | Killed Terence
  1933 | D:2      | Noticed Natasha
  2033 | D:2      | Killed Natasha
  2033 | D:2      | Reached skill level 6 in Axes
  2235 | D:3      | You fall into a shaft and drop 1 floor!
  2379 | D:4      | Reached XP level 6. HP: 38/47 MP: 6/6
  2413 | D:4      | Found Ynului's Food Shop.
  2424 | D:4      | Reached skill level 7 in Axes
  3104 | D:3      | Noticed Ijyb
  3112 | D:3      | Killed Ijyb
  3112 | D:3      | Reached skill level 8 in Axes
  3112 | D:3      | Reached XP level 7. HP: 52/52 MP: 7/7
  4082 | D:4      | Reached skill level 9 in Axes
  4550 | D:5      | Entered Level 5 of the Dungeon
  4562 | D:5      | Reached XP level 8. HP: 51/59 MP: 8/8
  4937 | D:5      | Reached skill level 10 in Axes
  5051 | D:5      | Noticed Grinder
  5060 | D:5      | Killed Grinder
  5403 | D:6      | Reached skill level 5 in Fighting
  5408 | D:6      | Reached skill level 11 in Axes
  5558 | D:6      | Found a stormy altar of Qazlal.
  5643 | D:6      | Reached XP level 9. HP: 51/68 MP: 9/9
  5744 | D:6      | Got a twisted scale mail
  5755 | D:6      | Identified the +1 scale mail "Fyoxoil" {rElec} (You found
                  | it on level 6 of the Dungeon)
  5828 | D:6      | Reached skill level 5 in Armour
  5926 | D:6      | Found Duddiar's Antique Weapon Shop.
  6364 | D:6      | Noticed a cyclops
  6369 | D:6      | Killed a cyclops
  6369 | D:6      | Reached skill level 12 in Axes
  6692 | D:6      | HP: 5/102 [poisoned by a killer bee]
  6694 | D:6      | Slain by a killer bee

Levels and vault maps discovered:
D:1:      giann_wishing_wells, layout_basic
D:2:      layout_basic, grunt_gozag_breadcrumbs, first_ration,
          serial_bayou_lagoon_a, minmay_circle_x, uniq_robin, uniq_terence,
          uniq_natasha
D:3:      layout_loops_ring, serial_bayou_pond_e, uniq_ijyb
D:4:      minmay_polygon_palace, layout_basic, serial_shops, shop
D:5:      layout_loops_ring, uniq_grinder
D:6:      minmay_cornered_nines, layout_rooms, serial_shops, shop,
          nicolae_qazlal_eye_of_the_storm
D:7:      layout_rooms, minmay_temple_entry_offerings, serial_shops,
          nicolae_shop_trees, chequers_mini_garden

Skill      XL: |  1  2  3  4  5  6  7  8  9 |
---------------+----------------------------+-----
Axes           | 3 4 5 6 8 9 11 12 | 12.5
Fighting       | 5 |  5.0
Armour         | 4 5 |  5.0
Shields        | 4 |  4.8

Action                   |  1- 3 |  4- 6 |  7- 9 || total
-------------------------+-------+-------+-------++-------
Melee: War axe           |    81 |   232 |   261 ||   574
       Broad axe         |       |       |   131 ||   131
Throw: Dart              |       |    11 |     5 ||    16
 Abil: Hop               |       |       |     2 ||     2
Evoke: Wand              |       |     1 |     4 ||     5
  Use: Potion            |     1 |       |     1 ||     2
       Scroll            |       |       |     7 ||     7
 Stab: Paralysed         |       |     2 |     8 ||    10
  Eat: Chunk             |       |     9 |    13 ||    22
Armor: Scale mail        |    34 |    28 |       ||    62
       Chain mail        |       |    22 |       ||    22
       Plate armour      |       |    25 |   195 ||   220
Dodge: Dodged            |    17 |    30 |    39 ||    86
Block: Shield            |    37 |    82 |   164 ||   283

Table legend:
 A = Non-vault XP
 B = Vault XP
 C = Vault XP percentage of total XP
 D = Non-vault monster count
 E = Vault monster count
 F = Vault count percentage of total count
                 A         B        C        D         E       F
            +---------+---------+-------+---------+---------+-------
      Total |    2728 |    1048 |  27.8 |     133 |      31 |  18.9
            +---------+---------+-------+---------+---------+-------
        D:1 |      48 |       0 |   0.0 |      26 |       0 |   0.0
        D:2 |      92 |     117 |  56.0 |      16 |      18 |  52.9
        D:3 |     107 |      39 |  26.7 |      27 |       1 |   3.6
        D:4 |     724 |      65 |   8.2 |      20 |       8 |  28.6
        D:5 |     267 |     262 |  49.5 |      14 |       1 |   6.7
        D:6 |    1188 |     565 |  32.2 |      25 |       3 |  10.7
        D:7 |     302 |       0 |   0.0 |       5 |       0 |   0.0
            +---------+---------+-------+---------+---------+-------
